 Dungeon Crawl Stone Soup version 0.31.0-12-g77e489cdc1 (webtiles) character file.

Game seed: 9678260729384076816

7705 graki42 the Destroyer (level 11, -1/81 HPs)
             Began as a Gnoll Conjurer on Mar 6, 2024.
             Was a Follower of Sif Muna.
             Slain by Snorg (17 damage)
             ... on level 10 of the Dungeon.
             The game lasted 00:29:59 (11577 turns).

graki42 the Destroyer (Gnoll Conjurer)             Turns: 11577, Time: 00:30:00

Health: -1/81      AC:  7    Str:  7    XL:     11   Next: 19%
Magic:  1/23       EV: 14    Int: 21    God:    Sif Muna [*.....]
Gold:   609        SH:  0    Dex: 11    Spells: 15/26 levels left

rFire   . . .        F - +2 dagger (venom)
rCold   . . .        (no shield)
rNeg    . . .        a - +0 robe
rPois   +            r - +0 helmet
rElec   .            C - +0 cloak
rCorr   .            E - +1 pair of gloves
SInv    .            (no boots)
Will    .....        (no amulet)
Stlth   +++          g - ring of flight
HPRegen 0.33/turn    w - ring of poison resistance
MPRegen 0.18/turn

%: no passive effects
@: flying, invisible
A: fangs 1, strong nose, distributed training
a: Renounce Religion, Channel Magic


You were on level 10 of the Dungeon.
You worshipped Sif Muna.
Sif Muna was aware of your devotion.
You visited 2 branches of the dungeon, and saw 11 of its levels.

You collected 609 gold pieces.

Inventory:

Hand Weapons
 F - a +2 dagger of venom (weapon)
Missiles
 J - 3 throwing nets
Armour
 a - a +0 robe (worn)
 r - a +0 helmet (worn)
 C - a +0 cloak (worn)
 E - a +1 pair of gloves (worn)
 K - a +0 buckler
Jewellery
 e - a +6 ring of dexterity
 g - a ring of flight (left hand)
 u - a ring of fire
 w - a ring of poison resistance (right hand)
 y - a +5 ring of evasion
 I - a ring of fire
Wands
 s - a wand of charming (12)
Scrolls
 d - 2 scrolls of noise {unknown}
 f - a scroll of silence {unknown}
 h - a scroll of vulnerability {unknown}
 j - 7 scrolls of teleportation
 n - a scroll of torment {unknown}
 p - a scroll of blinking {unknown}
 q - a scroll of fog {unknown}
 t - 2 scrolls of enchant weapon {unknown}
 z - a scroll of immolation {unknown}
 A - 4 scrolls of amnesia {unknown}
 D - 2 scrolls of identify
 G - a scroll of enchant armour {unknown}
 H - a scroll of revelation {unknown}
Potions
 b - a potion of haste {unknown}
 c - 2 potions of curing
 i - 3 potions of might
 k - 3 potions of lignification {unknown}
 m - 2 potions of degeneration
 o - 3 potions of attraction {unknown}
 v - 2 potions of heal wounds {unknown}
 x - a potion of cancellation {unknown}
 B - a potion of mutation {unknown}
 L - a potion of magic


   Skills:
 + Level 6.3 Fighting
 + Level 6.3 Short Blades
 + Level 6.3 Long Blades
 + Level 6.3 Axes
 + Level 6.3 Maces & Flails
 + Level 6.3 Polearms
 + Level 6.3 Staves
 + Level 6.3 Ranged Weapons
 + Level 6.3 Throwing
 + Level 6.3 Armour
 + Level 7.9 Dodging
 + Level 7.6 Stealth
 + Level 6.3 Shields
 + Level 6.3 Unarmed Combat
 + Level 8.1 Spellcasting
 + Level 8.9 Conjurations
 + Level 5.2 Hexes
 + Level 5.2 Summonings
 + Level 5.2 Necromancy
 + Level 5.2 Translocations
 + Level 5.2 Fire Magic
 + Level 5.2 Ice Magic
 + Level 5.2 Air Magic
 + Level 5.2 Earth Magic
 + Level 5.2 Alchemy
 + Level 6.9 Invocations
 + Level 6.3 Evocations
 + Level 5.7 Shapeshifting


You had 15 spell levels left.
You knew the following spells:

 Your Spells              Type           Power      Damage    Failure   Level
a - Magic Dart            Conj           100%       1d8       1%          1
b - Searing Ray           Conj           92%        2d7       1%          2
c - Fulminant Prism       Conj/Alch      19%        3d11      4%          4
d - Iskenderun's Mystic   Conj/Tloc      38%        2d9       4%          4

Your spell library contained the following spells:

 Spells                   Type           Power      Damage    Failure   Level
 Freeze                   Ice            100%       1d10      1%          1
 Hailstorm                Conj/Ice       38%        3d9       1%          3
 Frozen Ramparts          Ice            60%        1d10      2%          3
 Summon Ice Beast         Ice/Summ       30%        N/A       2%          3
 Summon Mana Viper        Hex/Summ       30%        N/A       26%         5
 Monstrous Menagerie      Summ           15%        N/A       100%        7


Dungeon Overview and Level Annotations

Branches:
Dungeon (10/15)            Temple (1/1) D:6            Lair (0/5) D:8
    Orc: D:9-12

Altars:
Ashenzari
Cheibriados
Dithmenos
Elyvilon
Fedhas
Gozag
Hepliaklqana
Kikubaaqudgha
Makhleb
Nemelex Xobeh
Qazlal
Ru
Sif Muna
Trog
Vehumet
Wu Jian
Xom
Yredelemnul
Zin
The Shining One

Shops:
D:5 (   D:8 [

Annotations:
D:10 Snorg
Temple 4 transporters


Innate Abilities, Weirdness & Mutations

You have very sharp teeth.
Your uncanny sense of smell can sniff out nearby items.
Your experience applies equally to all skills.


Message History

Casting: Searing Ray (safe; 1% risk of failure)
Confirm with . or Enter, or press ? or * to list all spells.
You erupt in a blast of force!
The mystic blast hits Snorg!
Snorg is moderately wounded.
Snorg is knocked back by the mystic blast.
Unknown command.
Casting: Iskenderun's Mystic Blast (dangerous; 4% risk of failure)
Confirm with . or Enter, or press ? or * to list all spells.
You erupt in a blast of force!
The mystic blast hits Snorg.
Snorg is moderately wounded.
Snorg is knocked back by the mystic blast.
Unknown command.
Casting: Iskenderun's Mystic Blast (dangerous; 4% risk of failure)
Confirm with . or Enter, or press ? or * to list all spells.
You erupt in a blast of force!
The mystic blast hits Snorg!
Snorg is moderately wounded.
Snorg is knocked back by the mystic blast.
Unknown command.
Casting: Iskenderun's Mystic Blast (dangerous; 4% risk of failure)
Confirm with . or Enter, or press ? or * to list all spells.
You erupt in a blast of force!
The mystic blast hits Snorg!
Snorg is moderately wounded.
Snorg is knocked back by the mystic blast.
Snorg closely misses you. Snorg claws you! Snorg misses you.
Found 3 stones.
Snorg bites you! Snorg claws you. Snorg claws you!!
Snorg attacks as she pursues you! Snorg bites you!
* * * LOW HITPOINT WARNING * * *
Snorg claws you.
* * * LOW HITPOINT WARNING * * *
Snorg closely misses you.
Casting: Iskenderun's Mystic Blast (dangerous; 4% risk of failure)
Confirm with . or Enter, or press ? or * to list all spells.
You erupt in a blast of force!
The mystic blast hits Snorg!
Snorg is moderately wounded.
Snorg is knocked back by the mystic blast.
You fade into invisibility!
Snorg closely misses you. x2; Snorg claws you.
* * * LOW HITPOINT WARNING * * *
Snorg barely misses you. Snorg closely misses you. Snorg claws you!
You die...

#...# ##..# ##.# . #††######...
.. #..#....... #..#
##.##......## # #.....
#...........#.#.
#....##........(..(...
.#....#.....#.......... #.
=.............T@.....$..#####..
.#..............................
................................
.................###............
.................######.#..>....
.%.....###............#.#...#
.......#................<.†##
......†.....##........Tyy...##
...........####..#..##.y........


You could see Snorg (berserk, unable to see you).

Vanquished Creatures
  A two-headed ogre (D:7)
  A sixfirhy (D:8)
  Jeremiah (D:9)
  Maggie (D:8)
  3 trolls
  Psyche (D:8)
  A hornet (D:9)
  Prince Ribbit (D:5)
  2 wyverns (D:9)
  3 yaks (D:9)
  2 steam dragons
  Menkaure (D:7)
  Edmund (D:5)
  Duvessa (D:7)
  2 black bears
  An ice beast (D:6)
  3 centaurs
  3 ogres
  A phantom (D:5)
  3 kobold brigands
  3 bullfrogs
  3 scorpions
  7 wights
  Dowan (D:7)
  3 killer bees (D:10)
  10 electric eels (D:8)
  A bombardier beetle (D:6)
  6 orc priests
  5 hounds
  2 gnoll boudas
  2 jellies
  A sleepcap (D:4)
  Natasha (D:4)
  Terence (D:3)
  4 iguanas
  2 orc wizards
  16 gnolls
  9 adders
  2 shadow imps (D:7)
  7 white imps
  6 ufetubi
  2 dart slugs (D:1)
  21 orcs
  6 ball pythons
  6 endoplasms
  3 giant cockroaches (D:1)
  15 goblins
  3 hobgoblins
  A quokka (D:5)
  6 bats
  2 frilled lizards
  24 kobolds
  11 rats
225 creatures vanquished.

Vanquished Creatures (others)
  3 fulminant prisms
3 creatures vanquished.

Grand Total: 228 creatures vanquished

Notes
Turn   | Place    | Note
-------+----------+-------------------------------------------
     0 | D:1      | graki42 the Gnoll Conjurer began the quest for the Orb.
     0 | D:1      | Reached XP level 1. HP: 13/13 MP: 6/6
   127 | D:1      | Reached XP level 2. HP: 19/19 MP: 5/7
   130 | D:1      | Learned a level 2 spell: Searing Ray
   435 | D:1      | Reached skill level 5 in Spellcasting
   435 | D:1      | Reached XP level 3. HP: 25/25 MP: 3/9
   953 | D:2      | Reached skill level 1 in Invocations
  1135 | D:2      | Reached skill level 1 in Fighting
  1135 | D:2      | Reached skill level 1 in Short Blades
  1135 | D:2      | Reached skill level 1 in Long Blades
  1135 | D:2      | Reached skill level 1 in Axes
  1135 | D:2      | Reached skill level 1 in Maces & Flails
  1135 | D:2      | Reached skill level 1 in Polearms
  1135 | D:2      | Reached skill level 1 in Staves
  1135 | D:2      | Reached skill level 1 in Ranged Weapons
  1135 | D:2      | Reached skill level 1 in Throwing
  1135 | D:2      | Reached skill level 1 in Armour
  1135 | D:2      | Reached skill level 1 in Shields
  1135 | D:2      | Reached skill level 1 in Unarmed Combat
  1135 | D:2      | Reached skill level 1 in Evocations
  1252 | D:2      | Reached skill level 1 in Shapeshifting
  1252 | D:2      | Reached XP level 4. HP: 32/32 MP: 7/11
  1322 | D:2      | Reached skill level 1 in Hexes
  1322 | D:2      | Reached skill level 1 in Summonings
  1322 | D:2      | Reached skill level 1 in Necromancy
  1322 | D:2      | Reached skill level 1 in Translocations
  1322 | D:2      | Reached skill level 1 in Fire Magic
  1322 | D:2      | Reached skill level 1 in Ice Magic
  1322 | D:2      | Reached skill level 1 in Air Magic
  1322 | D:2      | Reached skill level 1 in Earth Magic
  1322 | D:2      | Reached skill level 1 in Alchemy
  1769 | D:3      | Learned a level 4 spell: Fulminant Prism
  1774 | D:3      | Learned a level 4 spell: Iskenderun's Mystic Blast
  1820 | D:3      | Reached XP level 5. HP: 37/37 MP: 4/12
  2211 | D:3      | Found a basalt altar of Yredelemnul.
  2605 | D:3      | Noticed Terence
  2613 | D:3      | Killed Terence
  2890 | D:4      | Reached XP level 6. HP: 44/44 MP: 10/14
  3053 | D:4      | Reached skill level 5 in Dodging
  3470 | D:4      | Noticed Natasha
  3474 | D:4      | Killed Natasha
  3745 | D:5      | Entered Level 5 of the Dungeon
  3749 | D:5      | Noticed Edmund
  3789 | D:5      | Killed Edmund
  3790 | D:5      | Reached XP level 7. HP: 4/51 MP: 6/15
  4061 | D:5      | Reached skill level 5 in Stealth
  4491 | D:5      | Noticed Prince Ribbit
  4501 | D:5      | Killed Prince Ribbit
  4502 | D:5      | Reached XP level 8. HP: 33/58 MP: 2/17
  5050 | D:5      | Found Ivvonuik's Weapon Shoppe.
  5125 | D:5      | Found a broken altar of Ashenzari.
  5479 | D:6      | Found a glowing silver altar of Zin.
  5479 | D:6      | Found a glowing golden altar of the Shining One.
  5483 | D:6      | Found a white marble altar of Elyvilon.
  5607 | D:6      | Found a staircase to the Ecumenical Temple.
  5651 | Temple   | Found a transporter.
  5651 | Temple   | Found a transporter.
  5651 | Temple   | Found a transporter.
  5651 | Temple   | Found a transporter.
  5651 | Temple   | Entered the Ecumenical Temple
  5726 | D:6      | Reached XP level 9. HP: 62/65 MP: 1/18
  6756 | D:7      | Noticed Menkaure
  6796 | D:7      | Killed Menkaure
  6949 | D:7      | Noticed Dowan
  6951 | D:7      | Noticed Duvessa
  7162 | D:7      | Killed Dowan
  7165 | D:7      | Killed Duvessa
  7166 | D:7      | Reached skill level 5 in Invocations
  7326 | D:7      | Noticed a two-headed ogre
  7338 | D:7      | Killed a two-headed ogre
  7611 | D:7      | Found a shimmering blue altar of Sif Muna.
  7611 | D:7      | Found an ancient bone altar of Kikubaaqudgha.
  7618 | D:7      | Became a worshipper of Sif Muna the Loreminder
  7741 | D:7      | Reached skill level 5 in Fighting
  7741 | D:7      | Reached skill level 5 in Short Blades
  7741 | D:7      | Reached skill level 5 in Long Blades
  7741 | D:7      | Reached skill level 5 in Axes
  7741 | D:7      | Reached skill level 5 in Maces & Flails
  7741 | D:7      | Reached skill level 5 in Polearms
  7741 | D:7      | Reached skill level 5 in Staves
  7741 | D:7      | Reached skill level 5 in Ranged Weapons
  7741 | D:7      | Reached skill level 5 in Throwing
  7741 | D:7      | Reached skill level 5 in Armour
  7741 | D:7      | Reached skill level 5 in Shields
  7741 | D:7      | Reached skill level 5 in Unarmed Combat
  7741 | D:7      | Reached skill level 5 in Evocations
  7741 | D:7      | Reached XP level 10. HP: 41/74 MP: 7/20
  7849 | D:8      | Noticed Maggie
  7849 | D:8      | Found a staircase to the Lair.
  7858 | D:8      | Killed Maggie
  8320 | D:8      | Noticed Psyche
  8331 | D:8      | Killed Psyche
  8516 | D:8      | Identified the +4 ring mail "Fufur" {rN+ Int+2 Dex-2
                  | Slay+3}
  8844 | D:8      | Found Fawkoidi's Armour Boutique.
  8867 | D:8      | Reached skill level 5 in Shapeshifting
  9246 | D:8      | Found a runed translucent door.
  9246 | D:8      | Noticed a sixfirhy
  9260 | D:8      | Killed a sixfirhy
  9974 | D:9      | Reached * piety under Sif Muna
 10469 | D:9      | Reached skill level 5 in Hexes
 10469 | D:9      | Reached skill level 5 in Summonings
 10469 | D:9      | Reached skill level 5 in Necromancy
 10469 | D:9      | Reached skill level 5 in Translocations
 10469 | D:9      | Reached skill level 5 in Fire Magic
 10469 | D:9      | Reached skill level 5 in Ice Magic
 10469 | D:9      | Reached skill level 5 in Air Magic
 10469 | D:9      | Reached skill level 5 in Earth Magic
 10469 | D:9      | Reached skill level 5 in Alchemy
 10469 | D:9      | Reached XP level 11. HP: 44/81 MP: 2/22
 10604 | D:9      | Noticed Jeremiah
 10615 | D:9      | Killed Jeremiah
 11276 | D:10     | Entered Level 10 of the Dungeon
 11493 | D:10     | Noticed Snorg
 11577 | D:10     | Slain by Snorg

Illustrated notes

Levels and vault maps discovered:
D:1:      dpeg_arrival_shrine, layout_rooms
D:2:      layout_loops_ring, kennysheep_flooded_box, lemuel_flame_loot_1
D:3:      layout_loops_ring, general_overflow_altar, kennysheep_generic_room_12,
          uniq_terence
D:4:      layout_basic, uniq_natasha
D:5:      minmay_general_purpose_star, layout_cave_pools,
          mainiacjoe_overflow_alcove_2, serial_shops,
          nicolae_shop_bloodbath_and_beyond, chequers_serial_rivers_small_3,
          sigmund_army, uniq_prince_ribbit1, uniq_edmund
D:6:      layout_basic, good_gods_mini_temple, minmay_temple_entry_mist,
          amcnicky_mini_pool_small, kennysheep_another_room
D:7:      layout_cave_pools, gammafunk_temple_overflow_pools, serial_demonic,
          serial_demonic_b, serial_demonic_d, serial_demonic_f,
          serial_demonic_c, hex_large, uniq_menkaure, uniq_duvessa
D:8:      cheibrodos_shockbox, layout_basic, lair_entry_dummy,
          nicolae_inconvenience_store, dk_noncrumbling_3, chequers_big_river,
          uniq_psyche, uniq_maggie
D:9:      layout_loops_cross, kennysheep_generic_room_13, uniq_jeremiah
D:10:     layout_cave_pools, mainiacjoe_overflow_catch_the_wave,
          minmay_misc_feat_iff, uniq_snorg, uniq_josephine, uniq_erica
Temple:   hellmonk_temple_divided_pantheon

Skill      XL: |  1  2  3  4  5  6  7  8  9 10 11 |
---------------+----------------------------------+-----
Spellcasting   | 5 6 7 8 |  8.1
Invocations    | 1 2 3 4 5 6 |  6.9
Fighting       | 1 2 3 5 6 |  6.3
Short Blades   | 1 2 3 5 6 |  6.3
Long Blades    | 1 2 3 5 6 |  6.3
Axes           | 1 2 3 5 6 |  6.3
Maces & Flails | 1 2 3 5 6 |  6.3
Polearms       | 1 2 3 5 6 |  6.3
Staves         | 1 2 3 5 6 |  6.3
Ranged Weapons | 1 2 3 5 6 |  6.3
Throwing       | 1 2 3 5 6 |  6.3
Armour         | 1 2 3 5 6 |  6.3
Shields        | 1 2 3 5 6 |  6.3
Unarmed Combat | 1 2 3 5 6 |  6.3
Evocations     | 1 2 3 5 6 |  6.3
Shapeshifting  | 1 2 3 4 5 |  5.7
Hexes          | 1 2 3 4 5 |  5.2
Summonings     | 1 2 3 4 5 |  5.2
Necromancy     | 1 2 3 4 5 |  5.2
Translocations | 1 2 3 4 5 |  5.2
Fire Magic     | 1 2 3 4 5 |  5.2
Ice Magic      | 1 2 3 4 5 |  5.2
Air Magic      | 1 2 3 4 5 |  5.2
Earth Magic    | 1 2 3 4 5 |  5.2
Alchemy        | 1 2 3 4 5 |  5.2
Dodging        | 5 6 7 |  7.9
Stealth        | 5 6 7 |  7.6
Conjurations   | 8 |  8.9

Action                     |  1- 3 |  4- 6 |  7- 9 | 10-12 || total
---------------------------+-------+-------+-------+-------++-------
  Melee: Unarmed           |     6 |    11 |       |     2 ||    19
         Bite              |       |     1 |       |     8 ||     9
         Dagger            |       |       |       |    53 ||    53
   Cast: Magic Dart        |    65 |    61 |    33 |    48 ||   207
         Searing Ray       |       |    19 |    43 |    39 ||   101
         Iskenderun's Myst |       |     4 |    24 |    28 ||    56
         Fulminant Prism   |       |       |       |     3 ||     3
    Use: Potion            |       |     1 |     2 |     2 ||     5
         Scroll            |       |       |     3 |     2 ||     5
 Armour: Robe              |     6 |    21 |    51 |   110 ||   188
  Dodge: Dodged            |     4 |    29 |    87 |   139 ||   259
